 Dungeon Crawl Stone Soup version 0.31-a0-702-gf82c85558f (webtiles) character file.

Game seed: 16111984872443852011

196 qw the Shooter (level 5, 0/33 HPs)
             Began as a Gargoyle Hunter on Sept 8, 2023.
             Slain by a gnoll
             ... wielding a +0 whip
              (6 damage)
             ... on level 4 of the Dungeon.
             The game lasted 00:00:59 (2336 turns).

qw the Shooter (Gargoyle Hunter)                    Turns: 2336, Time: 00:00:59

Health: 0/33       AC:  9    Str: 15    XL:     5   Next: 74%
Magic:  5/5        EV: 11    Int:  9    God:
Gold:   149        SH:  0    Dex: 15    Spells: 4/4 levels left

rFire   . . .        Y - +0 shortbow
rCold   . . .        (shield currently unavailable)
rNeg    + . .        b - +0 ring mail
rPois   inf          (no helmet)
rElec   +            (no cloak)
rCorr   .            (no gloves)
SInv    .            (no boots)
Will    .....        (no amulet)
Stlth   +            (no ring)
HPRegen 0.25/turn    (no ring)
MPRegen 0.09/turn

%: no passive effects
@: weakened
A: sickness immunity, AC +4, negative energy resistance 1, electricity
resistance, torment resistance 1, petrification resistance
a: no special abilities


You were on level 4 of the Dungeon.
You visited 1 branch of the dungeon, and saw 4 of its levels.

You collected 149 gold pieces.


Innate Abilities, Weirdness & Mutations

You are immune to sickness and miasma.
Your stone body is resilient. (AC +4)
You are immune to poison.
You resist negative energy. (rN+)
You are resistant to electric shocks. (rElec)
You are resistant to unholy torment.
You are immune to petrification.


   Skills:
 + Level 3.8 Fighting
 - Level 6.0 Ranged Weapons
 - Level 1.0 Armour
 - Level 1.5 Dodging
 - Level 1.1 Stealth


You had 4 spell levels left.
You didn't know any spells.
Your spell library was empty.

Inventory:

Hand Weapons
 Y - a +0 shortbow (weapon)
Armour
 b - a +0 ring mail (worn)
Scrolls
 a - 2 scrolls of identify
 c - a scroll of teleportation {unknown}
 h - a scroll of fear {unknown}
Potions
 d - a potion of brilliance {unknown}
 e - a potion of cancellation {unknown}
 f - a potion of mutation {unknown}
 g - a potion of invisibility {unknown}
 i - a potion of heal wounds {unknown}
 j - a potion of curing

Dungeon Overview and Level Annotations

Branches:
Dungeon (4/15)
 Temple: D:4-7

Altars:
Elyvilon
Fedhas
Qazlal


Message History

The hound bites you but does no damage.
The gnoll hits you from afar with a +0 spear.
The hound misses you.
You shoot an arrow. The arrow hits the hound!
The hound is almost dead.
You hear a shout!
The gnoll hits you from afar with a +0 spear.
The hound barely misses you.
The gnoll hits you from afar with a +0 spear.
You shoot an arrow. The arrow hits the hound!
You kill the hound!
The adder bites you. The gnoll barely misses you.
The gnoll bouda gazes fiercely through you!
You feel your attacks grow feeble.
You shoot an arrow. The arrow misses the adder.
The arrow hits the gnoll bouda.
The gnoll bouda is moderately wounded.
The adder bites you but does no damage. The gnoll completely misses you.
The gnoll bouda calls upon its god to heal the gnoll.
The gnoll's wounds heal themselves!
A gnoll comes into view. It is wielding a +0 whip.
2333 |||
Found retreat position at -2,-3 (floor) with 0 blocking monsters and 2 monsters attacking at destination at distance 4
2333 ||| Stepping ~*~*~tactically~*~*~ (retreating).
The adder closely misses you.
The gnoll bouda barks out a call to the hunt!
The gnoll picks up the pace!
2334 |||
Found retreat position at 0,1 (adder; floor) with 0 blocking monsters and 2 monsters attacking at destination at distance 1 You shoot an arrow.
The arrow misses the adder.
The arrow barely misses the gnoll.
The arrow hits the gnoll bouda.
The gnoll bouda is severely wounded.
The adder misses you.
2335 |||
Found retreat position at -2,-2 (floor) with 0 blocking monsters and 2 monsters attacking at destination at distance 3
2335 ||| Stepping ~*~*~tactically~*~*~ (retreating).
The gnoll is no longer moving quickly.
The adder bites you but does no damage.
2336 |||
Found retreat position at -2,-1 (floor) with 0 blocking monsters and 2 monsters attacking at destination at distance 2
2336 ||| Stepping ~*~*~tactically~*~*~ (retreating).
The gnoll is no longer moving quickly.
The gnoll bouda barks out a call to the hunt!
The gnolls pick up the pace!
The gnoll hits you with a +0 whip.
You die...

### ..# ### ###.##### #..
.........# #.# # #.###.#
#.# .. #
#)....########g###...# #
#............@........ #
#..###.#######.######
####.## ##.# #S# .....# #.#
#.# # .....#
##.######g####.#.##
#####.###.......ggK..Sg....
...!....[........gg..#.#..
.........######.####.#
#######.## #.# .#


You could see a gnoll bouda, 4 gnolls, an adder and a kobold.

Vanquished Creatures
  A hound (D:4)
  An iguana (D:4)
  5 adders
  A gnoll (D:4)
  A worm (D:2)
  A dart slug (D:1)
  8 orcs
  6 ball pythons
  6 bats
  8 endoplasms
  A giant cockroach (D:1)
  5 goblins
  3 hobgoblins (D:1)
  3 jackals (D:2)
  5 quokkas
  A frilled lizard (D:1)
  7 kobolds
  4 rats
67 creatures vanquished.

Notes
Turn   | Place    | Note
-------+----------+-------------------------------------------
     0 | D:1      | qw the Gargoyle Hunter began the quest for the Orb.
     0 | D:1      | Reached XP level 1. HP: 12/12 MP: 1/1
     0 | D:1      | 0 ||| qw: Version: 0.3-a-76-g4403597
     0 | D:1      | 0 ||| qw: Game counter: 1194
     0 | D:1      | 0 ||| qw: Melee chars always use a shield: true
     0 | D:1      | 0 ||| qw: God list: Okawaru
     0 | D:1      | 0 ||| qw: Allow faded altars: false
     0 | D:1      | 0 ||| qw: Do Orc after clearing Dungeon:15 true
     0 | D:1      | 0 ||| qw: Do second Lair branch before Depths: true
     0 | D:1      | 0 ||| qw: Lair rune preference: random
     0 | D:1      | 0 ||| qw: Goals: Normal
     0 | D:1      | 0 ||| PLANNING D:1-11
   171 | D:1      | Reached XP level 2. HP: 17/17 MP: 2/2
   426 | D:1      | Reached XP level 3. HP: 21/21 MP: 3/3
   678 | D:1      | Reached skill level 5 in Ranged Weapons
   731 | D:1      | 731 ||| READING 2 scrolls labelled KEPUENLUYMM.
   732 | D:1      | 732 ||| DROPPING scroll of butterflies.
   773 | D:2      | Found a white marble altar of Elyvilon.
   887 | D:2      | Reached skill level 3 in Fighting
   904 | D:2      | Reached XP level 4. HP: 28/28 MP: 4/4
  1502 | D:2      | 1502 ||| UPGRADING to +0 ring mail.
  1512 | D:2      | 1512 ||| DROPPING +0 leather armour.
  1513 | D:2      | 1513 ||| DROPPING +6 ring of intelligence.
  1514 | D:2      | 1514 ||| READING 3 scrolls labelled COIXURPH JIQISU.
  1515 | D:2      | 1515 ||| DRINKING 2 fuming white potions.
  1516 | D:2      | 1516 ||| READING 3 scrolls of identify.
  1516 | D:2      | 1516 ||| IDENTIFYING smoky grey potion
  1517 | D:2      | 1517 ||| READING 2 scrolls of identify.
  1517 | D:2      | 1517 ||| IDENTIFYING lumpy orange potion
  1518 | D:2      | 1518 ||| DROPPING potion of degeneration.
  1519 | D:2      | 1519 ||| DROPPING potion of attraction.
  1520 | D:2      | 1520 ||| DROPPING 2 scrolls of vulnerability.
  1589 | D:3      | Found a stormy altar of Qazlal.
  1704 | D:3      | Found a blossoming altar of Fedhas.
  1737 | D:3      | Reached skill level 1 in Armour
  1933 | D:3      | Reached XP level 5. HP: 32/32 MP: 5/5
  2123 | D:3      | 2123 ||| READING scroll labelled ZALIRA HALUOST.
  2124 | D:3      | 2124 ||| READING scroll labelled VOOROW VETAAPT.
  2135 | D:4      | 2135 ||| PLANNING SEWER
  2177 | D:4      | Reached skill level 6 in Ranged Weapons
  2221 | D:4      | 2221 ||| FLEEEEING.
  2312 | D:4      | 2312 ||| RETREATING.
  2315 | D:4      | 2315 ||| Stepping ~*~*~tactically~*~*~ (retreating).
  2316 | D:4      | 2316 ||| Stepping ~*~*~tactically~*~*~ (retreating).
  2330 | D:4      | HP: 8/32 [gnoll/+0 spear[a gnoll bouda] (6)]
  2333 | D:4      | 2333 ||| Stepping ~*~*~tactically~*~*~ (retreating).
  2335 | D:4      | 2335 ||| Stepping ~*~*~tactically~*~*~ (retreating).
  2336 | D:4      | 2336 ||| Stepping ~*~*~tactically~*~*~ (retreating).
  2336 | D:4      | Slain by a gnoll

Levels and vault maps discovered:
D:1:      dpeg_arrival_simpleton_c, layout_loops_corners
D:2:      layout_loops_ring, basic_altar
D:3:      layout_basic, fedhas_altar_1, mainiacjoe_overflow_alcove_4,
          kennysheep_generic_room_8
D:4:      layout_loops_ring, minmay_temple_entry_butterflies,
          portal_sewer_entry_b, hangedman_decor_push, kennysheep_generic_room_4,
          uniq_duvessa

Skill      XL: |  1  2  3  4  5 |
---------------+----------------+-----
Ranged Weapons | 5 6 |  6.0
Fighting       | 3 |  3.8
Armour         | 1 |  1.0
Dodging        | |  1.5
Stealth        | |  1.1

Action                     |  1- 3 |  4- 6 || total
---------------------------+-------+-------++-------
   Fire: Shortbow          |    80 |   149 ||   229
    Use: Scroll            |     1 |     5 ||     6
         Potion            |       |     1 ||     1
 Armour: Leather armour    |    10 |    28 ||    38
         Ring mail         |       |    44 ||    44
  Dodge: Dodged            |    15 |    65 ||    80

Table legend:
 A = Non-vault XP
 B = Vault XP
 C = Vault XP percentage of total XP
 D = Non-vault monster count
 E = Vault monster count
 F = Vault count percentage of total count
                 A         B        C        D         E       F
            +---------+---------+-------+---------+---------+-------
      Total |     267 |      13 |   4.6 |      66 |       1 |   1.5
            +---------+---------+-------+---------+---------+-------
        D:1 |      40 |       0 |   0.0 |      21 |       0 |   0.0
        D:2 |      76 |       0 |   0.0 |      22 |       0 |   0.0
        D:3 |      51 |      13 |  20.3 |      18 |       1 |   5.3
        D:4 |     100 |       0 |   0.0 |       5 |       0 |   0.0
            +---------+---------+-------+---------+---------+-------
